 Dungeon Crawl Stone Soup version 0.21-a0-110-g8e1637b (webtiles) character file.

79 nikopol the Firebug (level 4, -5/24 HPs)
             Began as a Deep Elf Fire Elementalist on July 10, 2017.
             Slain by Duvessa
             ... wielding a +0 short sword
              (6 damage)
             ... on level 4 of the Dungeon.
             The game lasted 00:05:59 (1459 turns).

nikopol the Firebug (Deep Elf Fire Elementalist)    Turns: 1459, Time: 00:05:59

Health: -5/24      AC:  2    Str:  5    XL:     4   Next: 17%
Magic:  1/11       EV: 13    Int: 21    God:
Gold:   123        SH:  0    Dex: 15    Spells: 4/10 levels left

rFire    . . .     SeeInvis .   m - +1 dagger (pain)
rCold    . . .     Gourm    .   (no shield)
rNeg     . . .     Faith    .   a - +0 robe
rPois    .         Spirit   .   (no helmet)
rElec    .         Reflect  .   (no cloak)
rCorr    .         Harm     .   (no gloves)
MR       .....                  (no boots)
Stlth    ++........             (no amulet)
HPRegen  0.08/turn              (no ring)
MPRegen  0.12/turn              (no ring)

@: no status effects
A: no striking features
a: no special abilities


You were on level 4 of the Dungeon.
You were hungry.

You visited 1 branch of the dungeon, and saw 3 of its levels.

You collected 123 gold pieces.

Inventory:

Hand Weapons
 d - a +0 dagger
 m - a +1 dagger of pain (weapon)
Armour
 a - a +0 robe (worn)
Scrolls
 f - a scroll of fear {unknown}
 j - a scroll of random uselessness {unknown}
 l - 3 scrolls of identify {unknown}
 q - 2 scrolls of teleportation {unknown}
Potions
 e - 2 potions of brilliance {unknown}
 i - 2 potions of might {unknown}
 n - a potion of degeneration {unknown}
 o - a potion of berserk rage {unknown}
Books
 b - a book of Flames

   Spells                             Type                      Level
   a - Flame Tongue                   Conjuration/Fire             1
   b - Throw Flame                    Conjuration/Fire             2
   c - Conjure Flame                  Conjuration/Fire             3
   d - Inner Flame                    Hexes/Fire                   3
   e - Sticky Flame                   Conjuration/Fire             4
   f - Fireball                       Conjuration/Fire             5
Comestibles
 c - 4 bread rations
 g - 3 meat rations
 h - a royal jelly
 k - 2 fruits
 p - 3 chunks of flesh


   Skills:
 + Level 2.9 Dodging
 + Level 2.8 Stealth
 + Level 3.8 Spellcasting
 + Level 1.5 Conjurations
 + Level 4.5 Fire Magic


You had 4 spell levels left.
You knew the following spells:

 Your Spells              Type           Power        Failure   Level  Hunger
a - Flame Tongue          Conj/Fire      ###..        3%          1    None
b - Throw Flame           Conj/Fire      ###...       5%          2    #......
c - Conjure Flame         Conj/Fire      ###.....     11%         3    ###....


Dungeon Overview and Level Annotations

Branches:
Dungeon (2/15)

Altars:
Xom
The Shining One

Annotations:
D:4 Dowan, Duvessa


Message History

The adder is moderately wounded.
The adder misses you.
You barely miss the adder.
The adder is moderately wounded.
The adder closely misses you.
You hit the adder.
The adder is heavily wounded.
The adder bites you. The adder barely misses you.
Casting: Flame Tongue
Confirm with . or Enter, or press ? or * to list all spells.
You don't have enough magic to cast that spell.
A worker ant comes into view.
Duvessa hits you with a short sword!
* * * LOW HITPOINT WARNING * * *
Dowan mumbles some strange words.
Dowan blinks!
The adder bites you.
* * * LOW HITPOINT WARNING * * *
Duvessa hits you with a short sword.
You die...

#.......#
###...o##.
#..........#
###....a.?...#
#.e.......(..#
#.#..........#
#.#..........#
##ยง#.####..####
#..e@# ..#
#...### ###.#S##
h. .......
#.....# ....###
#....## . ######


You could see Duvessa, Dowan, a worker ant (wandering), an adder and an orc
(wandering).

Vanquished Creatures
  A hound (D:4)
  A gnoll (D:1)
  An ooze (D:2)
  A worm (D:2)
  2 dart slugs (D:1)
  2 leopard geckos
  3 bats
  2 giant cockroaches (D:1)
  3 goblins
  A hobgoblin (D:2)
  2 jackals (D:4)
  A ball python (D:4)
  5 frilled lizards
  3 kobolds
  4 rats
32 creatures vanquished.

Notes
Turn   | Place    | Note
-------+----------+-------------------------------------------
     0 | D:1      | nikopol the Deep Elf Fire Elementalist began the quest for the Orb.
     0 | D:1      | Reached XP level 1. HP: 10/10 MP: 6/6
   183 | D:1      | Reached XP level 2. HP: 15/15 MP: 5/8
   187 | D:1      | Learned a level 2 spell: Throw Flame
   459 | D:1      | Reached skill level 4 in Fire Magic
   884 | D:2      | Reached XP level 3. HP: 19/19 MP: 8/10
   889 | D:2      | Learned a level 3 spell: Conjure Flame
  1077 | D:2      | Found a shimmering altar of Xom.
  1214 | D:2      | Found a glowing golden altar of the Shining One.
  1337 | D:2      | Found a shimmering altar of Xom.
  1340 | D:2      | Found a shimmering altar of Xom.
  1340 | D:2      | Found a shimmering altar of Xom.
  1341 | D:2      | Found a shimmering altar of Xom.
  1345 | D:2      | You fall through a shaft for 2 floors!
  1428 | D:4      | Noticed a scorpion
  1429 | D:4      | Noticed Duvessa
  1444 | D:4      | Noticed Dowan
  1445 | D:4      | Reached XP level 4. HP: 17/24 MP: 3/11
  1459 | D:4      | HP: 1/24 [adder (3)]
  1459 | D:4      | Slain by Duvessa

Vault maps used:
D:1:      onia_arrival_mini_spirals
D:2:      marbit_many_paths, xom_redecorated, first_bread
D:4:      uniq_duvessa

Skill      XL: |  1  2 |
---------------+-------+-----
Fire Magic     | 4 |  4.5
Dodging        | |  2.9
Stealth        | |  2.8
Spellcasting   | |  3.8
Conjurations   | |  1.5

Action                   |  1- 3 |  4- 6 || total
-------------------------+-------+-------++-------
Melee: Dagger            |       |     5 ||     5
 Cast: Flame Tongue      |    63 |     5 ||    68
       Conjure Flame     |     1 |       ||     1
  Eat: Chunk             |     1 |       ||     1
Armor: Robe              |       |     1 ||     1
Dodge: Dodged            |    12 |     6 ||    18
